 Dungeon Crawl Stone Soup version 0.27.0-1-g7a089689b8 (webtiles) character file.

Game seed: 7151491803162476389

5123 pkoi the Carver (level 10, -2/86 HPs)
             Began as a Minotaur Gladiator on Aug 2, 2021.
             Was an Elder of Makhleb.
             Succumbed to a water moccasin's poison
             ... on level 9 of the Dungeon.
             The game lasted 00:09:06 (9894 turns).

pkoi the Carver (Minotaur Gladiator)                Turns: 9894, Time: 00:09:06

Health: -2/86      AC: 14    Str: 22    XL:     10   Next: 32%
Magic:  15/15      EV: 12    Int:  5    God:    Makhleb [****..]
Gold:   539        SH:  0    Dex: 12    Spells: 9/9 levels left

rFire    . . .     SeeInvis .   a - +1 long sword (venom)
rCold    . . .     Faith    .   (no shield)
rNeg     . . .     Spirit   .   g - +4 scale mail
rPois    .         Reflect  .   c - +0 hat
rElec    .         Harm     .   (no cloak)
rCorr    .         Rampage  .   p - +0 pair of gloves
Will     .....                  h - +0 pair of boots
Stlth    ..........             (no amulet)
HPRegen  0.24/turn              (no ring)
MPRegen  0.14/turn              (no ring)

@: lethally poisoned (-2 -> -14), marked
A: horns 2, retaliatory headbutt
a: Renounce Religion, Minor Destruction, Lesser Servant of Makhleb, Major
Destruction


You were on level 9 of the Dungeon.
You worshipped Makhleb.
Makhleb was greatly pleased with you.
You visited 2 branches of the dungeon, and saw 10 of its levels.

You collected 539 gold pieces.

Inventory:

Hand Weapons
 a - a +1 long sword of venom (weapon)
Missiles
 d - 3 throwing nets
 i - 72 poisoned darts (quivered)
Armour
 c - a +0 hat (worn)
 g - a +4 scale mail (worn)
 h - a +0 pair of boots (worn)
 p - a +0 pair of gloves (worn)
Jewellery
 s - a +4 ring of evasion
Wands
 l - a wand of iceblast (7)
 n - a wand of flame (12)
Scrolls
 b - 2 scrolls of magic mapping
 f - a scroll of fog
 j - 3 scrolls of identify
 m - a scroll of teleportation
 o - a scroll of brand weapon
 q - a scroll of immolation
 t - a scroll of holy word
Potions
 e - a potion of mutation
 k - 4 potions of curing
 r - a potion of haste


   Skills:
 + Level 7.1 Fighting
 + Level 10.7 Long Blades
 - Level 2.0 Throwing
 + Level 6.6 Armour
 + Level 7.1 Dodging
 + Level 8.1 Invocations


You had 9 spell levels left.
You didn't know any spells.
Your spell library contained the following spells:

 Spells                   Type           Power      Damage    Failure   Level
 Sandblast                Erth           0%         2d4       77%         1
 Summon Ice Beast         Ice/Summ       0%         N/A       100%        4
 Summon Mana Viper        Hex/Summ       0%         N/A       100%        5
 Iron Shot                Conj/Erth      0%         9d1       100%        6


Dungeon Overview and Level Annotations

Branches:
Dungeon (9/15)             Temple (1/1) D:4
   Lair: D:8-11         Orc: D:9-12

Altars:
Ashenzari
Cheibriados
Dithmenos
Elyvilon
Fedhas
Gozag
Hepliaklqana
Kikubaaqudgha
Makhleb
Nemelex Xobeh
Okawaru
Qazlal
Ru
Sif Muna
Trog
Uskayaw
Vehumet
Wu Jian
Xom
Yredelemnul
Zin
The Shining One

Shops:
D:6 :   D:7 (   D:8 [   D:9 *

Annotations:
D:9 2 transporters, Harold


Innate Abilities, Weirdness & Mutations

You have a pair of horns on your head.
You reflexively headbutt those who attack you in melee.


Message History

* * * LOW HITPOINT WARNING * * *
You rip the net and break free!
Harold hits you from afar with a +0 trident!
* * * LOW HITPOINT WARNING * * *
Harold fires a harpoon shot at you. The harpoon shot hits you!
* * * LOW HITPOINT WARNING * * *
You are yanked forward by the harpoon shot.
Harold drinks a potion.
Harold seems to speed up.
Unknown command.
You feel better. Harold hits you but does no damage.
Harold hits you from afar with a +0 trident!
* * * LOW HITPOINT WARNING * * *
As you read the scroll of teleportation, it crumbles to dust.
You feel strangely unstable.
Harold hits you from afar with a +0 trident.
* * * LOW HITPOINT WARNING * * *
Harold misses you.
You see here a +0 hunting sling.
Harold points at you and mumbles some strange words.
A sentinel's mark forms upon you.
Your surroundings suddenly seem different.
A water moccasin comes into view.
A yak comes into view.
You closely miss the water moccasin.
Your headbutt misses the water moccasin.
The water moccasin bites you but does no damage.
Your scale mail prevents you from hitting the water moccasin.
You headbutt the water moccasin.
The water moccasin is lightly wounded.
The water moccasin barely misses you.
You riposte.
You miss the water moccasin.
Your headbutt misses the water moccasin.
The water moccasin is lightly wounded.
A yak comes into view.
The water moccasin bites you.
* * * LOW HITPOINT WARNING * * *
You are lethally poisoned!
The water moccasin poisons you!
Unknown command.
You die...

..........#...#.##
..........#......##
..##.......#......#
.###....####....###
........####....#.#
.#......#.#.......###
....##..............#
.....##....#.......##
...........#....@..#
.....##.......S....#
###. #............##
# #............#
#....##.....##..##
.....#.....######
#.....#.....#
.........Y###
.......#Y..


You could see a yak and a water moccasin.

Vanquished Creatures
  A two-headed ogre (D:6)
  A troll (D:9)
  2 wyverns (D:8)
  2 steam dragons
  4 yaks
  A water moccasin (D:8)
  3 orc warriors
  An ice beast (D:7)
  3 black bears
  A sky beast (D:7)
  3 ogres
  2 phantoms
  2 centaurs (D:6)
  A kobold brigand (D:9)
  4 bullfrogs
  A gnoll sergeant (D:6)
  2 scorpions
  A water moccasin zombie (D:6)
  A wyvern skeleton (D:6)
  3 killer bees (D:7)
  4 wights (D:7)
  A howler monkey (D:6)
  A centaur zombie (D:6)
  3 hounds
  A gnoll shaman (D:8)
  5 orc priests
  A jelly (D:7)
  2 bullfrog skeletons
  An iguana (D:5)
  6 orc wizards
  A howler monkey zombie (D:6)
  A howler monkey skeleton (D:4)
  3 gnolls (D:8)
  6 adders
  2 ufetubi (D:4)
  An adder skeleton (D:4)
  2 worms
  11 dart slugs
  19 orcs
  8 ball pythons
  6 bats
  5 endoplasms
  3 giant cockroaches
  8 goblins
  6 hobgoblins
  2 jackals (D:1)
  13 kobolds
  7 quokkas
  2 frilled lizards
  5 rats
175 creatures vanquished.

Notes
Turn   | Place    | Note
-------+----------+-------------------------------------------
     0 | D:1      | pkoi the Minotaur Gladiator began the quest for the Orb.
     0 | D:1      | Reached XP level 1. HP: 18/18 MP: 0/0
    35 | D:1      | Found Vier Gerergh's Assorted Antiques.
    45 | D:1      | Reached skill level 4 in Long Blades
    52 | D:1      | Reached XP level 2. HP: 22/25 MP: 1/1
   195 | D:1      | Found a faded altar of an unknown god.
   203 | D:1      | Became a worshipper of Makhleb the Destroyer
   203 | D:1      | Reached * piety under Makhleb
   421 | D:1      | Reached XP level 3. HP: 29/30 MP: 2/2
   772 | D:1      | Reached skill level 5 in Long Blades
   772 | D:1      | Reached skill level 1 in Invocations
   829 | D:2      | Found a stormy altar of Qazlal.
  1484 | D:2      | Reached XP level 4. HP: 37/37 MP: 4/4
  2471 | D:3      | Reached ** piety under Makhleb
  2782 | D:4      | Found a staircase to the Ecumenical Temple.
  2787 | Temple   | Entered the Ecumenical Temple
  2986 | D:4      | Reached skill level 6 in Long Blades
  2986 | D:4      | Reached XP level 5. HP: 42/42 MP: 4/6
  3545 | D:4      | Noticed a black bear
  3552 | D:4      | Killed a black bear
  3553 | D:4      | Reached XP level 6. HP: 40/50 MP: 7/7
  3909 | D:5      | Entered Level 5 of the Dungeon
  4304 | D:5      | Reached skill level 7 in Long Blades
  4567 | D:5      | Reached XP level 7. HP: 27/56 MP: 9/9
  4570 | D:5      | Reached skill level 5 in Invocations
  4741 | D:5      | Got the Reference Book on Dusty Summoning
  4809 | D:5      | Reached skill level 8 in Long Blades
  5194 | D:5      | Found a glowing golden altar of the Shining One.
  5404 | D:5      | Found a hazy altar of Hepliaklqana.
  5644 | D:6      | Reached *** piety under Makhleb
  5727 | D:6      | Reached skill level 1 in Armour
  5728 | D:6      | Found Huzuud's Self-Improvement Boutique.
  5754 | D:6      | Reached XP level 8. HP: 63/63 MP: 11/11
  5994 | D:6      | Noticed a two-headed ogre
  6030 | D:6      | Killed a two-headed ogre
  6031 | D:6      | Reached skill level 9 in Long Blades
  6296 | D:6      | Reached skill level 5 in Dodging
  6323 | D:6      | Reached XP level 9. HP: 73/73 MP: 11/13
  6369 | D:6      | Reached skill level 5 in Fighting
  6886 | D:7      | Found Agirul's Antique Weapon Emporium.
  7530 | D:7      | Reached skill level 5 in Armour
  7765 | D:7      | Reached skill level 10 in Long Blades
  8063 | D:7      | Found an iron altar of Okawaru.
  8069 | D:7      | Found an opulent altar of Gozag.
  8074 | D:7      | Found a broken altar of Ashenzari.
  8703 | D:8      | Found Tuerph's Armour Shop.
  9071 | D:8      | Reached **** piety under Makhleb
  9072 | D:8      | Reached XP level 10. HP: 81/84 MP: 14/14
  9312 | D:9      | Found a transporter.
  9312 | D:9      | Found an ancient bone altar of Kikubaaqudgha.
  9313 | D:9      | Noticed a fire giant
  9322 | D:9      | Noticed a deep elf pyromancer
  9334 | D:9      | Found a transporter.
  9854 | D:9      | Found Empisepa's Lightly-Used Armoury.
  9868 | D:9      | Noticed Harold
  9881 | D:9      | HP: 3/86 [Harold/harpoon shot (8)]
  9893 | D:9      | HP: 1/86 [water moccasin (6)]
  9894 | D:9      | Succumbed to a water moccasin's poison

Illustrated notes

Levels and vault maps discovered:
D:1:      lemuel_arrival_behind_the_door_large, layout_loops_ring, serial_glass,
          glass_columns_b, glass_columns_a, dreamdust_ecumenical_altar_statues,
          serial_shops, nicolae_shop_statue_plus
D:2:      layout_loops_ring, basic_altar, kennysheep_potato
D:3:      layout_rooms, serial_aquarium, aquarium_bridge_island_small
          [aquarium_subvault_small_open, aquarium_subvault_wall,
          aquarium_subvault_balcony, aquarium_subvault_bridge,
          aquarium_subvault_wall], aquarium_bridge_square
          [aquarium_subvault_wall, aquarium_subvault_wall,
          aquarium_subvault_bridge, aquarium_subvault_bridge],
          aquarium_window_corner, aquarium_window_2, aquarium_window_corridor_2,
          aquarium_view_2c, aquarium_view_2c, aquarium_balcony_1b,
          aquarium_pool_double
D:4:      layout_gridville, minmay_temple_entry_arrows, kennysheep_cross_room
D:5:      kennysheep_slugbush, layout_basic,
          mainiacjoe_overflow_surrounded_room, nicolae_hepliaklqana_hippocampus
D:6:      minmay_clustersquares, layout_basic, nicolae_shop_self_help
D:7:      layout_layer_cave, minmay_overflow_temple_star_quad, serial_shops,
          nicolae_square_shop
D:8:      layout_basic, serial_shops, nicolae_square_shop,
          hangedman_abyss_or_decor_stagger, minmay_misc_feat_tiny, st_stairs_3
D:9:      layout_cave_pools, gammafunk_temple_overflow_arena, nrook_uturn,
          minmay_shop_damaged, uniq_harold, uniq_gastronok
Temple:   eino_temple_scatter_basement

Skill      XL: |  1  2  3  4  5  6  7  8  9 10 |
---------------+-------------------------------+-----
Long Blades    | 4 5 6 7 8 9 10 | 10.7
Invocations    | 1 2 3 4 5 6 7 8 |  8.1
Armour         | 1 4 6 |  6.6
Fighting       | 3 4 6 7 |  7.1
Dodging        | 5 6 7 |  7.1
Throwing       | |  2.0

Action                   |  1- 3 |  4- 6 |  7- 9 | 10-12 || total
-------------------------+-------+-------+-------+-------++-------
Melee: Long sword        |    70 |   105 |   187 |    63 ||   425
       Headbutt          |     9 |    21 |    46 |    23 ||    99
Throw: Dart              |       |       |     1 |       ||     1
  Use: Potion            |       |     4 |     5 |     2 ||    11
       Scroll            |       |     1 |    10 |     2 ||    13
 Stab: Invisible         |       |       |     2 |     1 ||     3
Armor: Leather armour    |    12 |    18 |     6 |       ||    36
       Scale mail        |       |       |    92 |    31 ||   123
Dodge: Dodged            |    46 |    86 |   101 |    32 ||   265
       Rpst.: Long sword |    16 |    21 |    24 |     7 ||    68
